 Dungeon Crawl Stone Soup version 0.30-a0-718-geaa24f58ff (webtiles) character file.

Game seed: 7298016404045762103

11904 Ijustatesigmund the Thaumaturge (level 11, -1/63 HPs)
             Began as a Deep Elf Conjurer on Jan 25, 2023.
             Was an Elder of Vehumet.
             Slain by a two-headed ogre
             ... wielding a +0 giant club
              (24 damage)
             ... on level 11 of the Dungeon.
             The game lasted 00:53:27 (14562 turns).

Ijustatesigmund the Thaumaturge (DECj)             Turns: 14562, Time: 00:53:28

Health: -1/63      AC: 16    Str:  6    XL:     11   Next: 55%
Magic:  28/30      EV: 14    Int: 26    God:    Vehumet [****..]
Gold:   1602       SH:  0    Dex: 13    Spells: 15/37 levels left

rFire   + . .      SeeInvis +    E - +4 shortbow (heavy)
rCold   + + +      Faith    .    (shield currently unavailable)
rNeg    . . .      Spirit   .    I - +4 skin of Zhor {*Englaciate rC+++ SInv}
rPois   .          Reflect  .    q - +1 helmet
rElec   .          Harm     .    y - +2 cloak
rCorr   .          Rampage  .    M - +0 pair of gloves
Will    +....                    (no boots)
Stlth   +++                      (no amulet)
HPRegen 0.30/turn                t - ring of protection from fire
MPRegen 0.22/turn                F - +4 ring of protection

@: freezing walls
A: no striking features
a: Renounce Religion


You were on level 11 of the Dungeon.
You worshipped Vehumet.
Vehumet was greatly pleased with you.
You visited 2 branches of the dungeon, and saw 12 of its levels.
You also visited: Ossuary and Bailey.

You collected 1753 gold pieces.
You spent 151 gold pieces at shops.

Inventory:

Hand Weapons
 c - a +0 short sword of electrocution
 h - a +4 sling of flaming
 w - a +0 longbow
 E - a +4 heavy shortbow (weapon)
 N - the +4 trident "Tishuusu" {heavy, rF+++ Str-3 Int+2 Stlth-}
   (You found it in a bailey)

   Str:       It affects your strength (-3).
   Int:       It affects your intelligence (+2).
   rF:        It renders you almost immune to fire.
   Stlth:     It makes you less stealthy.
Armour
 a - the +2 robe of Idealism {rF+ Int+3 Dex+2 Stlth-}
   (You found it on level 7 of the Dungeon)

   Int:       It affects your intelligence (+3).
   Dex:       It affects your dexterity (+2).
   rF:        It protects you from fire.
   Stlth:     It makes you less stealthy.
 q - a +1 helmet (worn)
 y - a +2 cloak (worn)
 A - +0 steam dragon scales
 B - +0 acid dragon scales
 H - a +0 troll leather armour
 I - the +4 skin of Zhor (worn) {*Englaciate rC+++ SInv}
   (You found it on level 9 of the Dungeon)

   *Englaciate: It radiates cold, occasionally slowing all nearby creatures who
   are not resistant to cold.
   rC:        It renders you almost immune to cold.
   SInv:      It lets you see invisible.
 L - +0 fire dragon scales
 M - a +0 pair of gloves (worn)
Magical Staves
 e - a staff of earth
 v - a staff of cold
Jewellery
 o - a ring of flight
 p - a +6 ring of dexterity
 t - a ring of protection from fire (left hand)
 C - an amulet of guardian spirit
 F - a +4 ring of protection (right hand)
 J - a +6 ring of dexterity
Wands
 g - a wand of charming (9)
 z - a wand of roots (13)
Scrolls
 k - 2 scrolls of teleportation
 l - a scroll of silence
 s - 4 scrolls of fog
 u - 2 scrolls of fear
 O - a scroll of summoning
Potions
 b - 3 potions of magic
 d - 2 potions of haste
 f - 3 potions of flight
 i - a potion of ambrosia
 j - 3 potions of brilliance
 m - 4 potions of attraction
 n - 4 potions of lignification
 r - 2 potions of invisibility
 x - a potion of experience
 D - 2 potions of curing
 G - 2 potions of mutation {unknown}
 K - a potion of heal wounds


   Skills:
 - Level 5.0 Fighting
 + Level 6.4 Ranged Weapons
 - Level 6.0 Dodging
 - Level 6.0 Stealth
 + Level 13.5 Spellcasting
 - Level 9.2 Conjurations
 - Level 3.6 Translocations
 + Level 0.7 Transmutations
 - Level 3.7 Fire Magic
 - Level 4.8 Ice Magic
 - Level 3.3 Air Magic
 - Level 4.0 Earth Magic
 - Level 2.8 Evocations


You had 15 spell levels left.
You knew the following spells:

 Your Spells              Type           Power      Damage    Failure   Level
a - Magic Dart            Conj           100%       1d8       1%          1
b - Searing Ray           Conj           100%       2d8       1%          2
c - Stone Arrow           Conj/Erth      100%       3d13      1%          3
d - Kindle Blastsparks    Fire/Tloc/Air  72%        2d16      1%          3
e - Frozen Ramparts       Ice            84%        1d13      1%          3
f - Momentum Strike       Conj/Tloc      100%       3d10      1%          2
g - Mephitic Cloud        Conj/Pois/Air  39%        N/A       1%          3
h - Irradiate             Conj/Tmut      21%        3d18      3%          5

Your spell library contained the following spells:

 Spells                   Type           Power      Damage    Failure   Level
 Freeze                   Ice            100%       1d10      1%          1
 Sandblast                Erth           76%        2d16      1%          1
 Passwall                 Tmut/Erth      25%        N/A       1%          2
 Dazzling Flash           Conj/Hex       82%        N/A       1%          3
 Hailstorm                Conj/Ice       52%        3d12      1%          3
 Fulminant Prism          Conj/Hex       20%        3d12      1%          4
 Iskenderun's Mystic Bla  Conj/Tloc      50%        2d11      1%          4
 Call Imp                 Summ           17%        N/A       4%          2
 Portal Projectile        Hex/Tloc       54%        N/A       4%          3
 Lee's Rapid Deconstruct  Erth           19%        3d11*     4%          5
 Tukima's Dance           Hex            17%        N/A       10%         3
 Starburst                Conj/Fire      25%        6d8       10%         6
 Silence                  Hex/Air        13%        N/A       41%         5
 Blade Hands              Tmut           10%        N/A       54%         5
 Agony                    Necr           17%        N/A       65%         5


Dungeon Overview and Level Annotations

Branches:
Dungeon (11/15)            Temple (1/1) D:7             Orc (0/2) D:10
Ossuary (visited)          Bailey (visited)
   Lair: D:8-11

Altars:
Ashenzari
Cheibriados
Dithmenos
Elyvilon
Fedhas
Gozag
Hepliaklqana
Kikubaaqudgha
Makhleb
Nemelex Xobeh
Okawaru
Qazlal
Ru
Sif Muna
Trog
Uskayaw
Vehumet
Wu Jian
Xom
Yredelemnul
Zin
The Shining One
Jiyva

Shops:
D:1 *   D:5 *


Message History

The puff of flame hits you but does no damage.
The wall freezes the vampire mosquito.
The vampire mosquito closely misses you.
The wall freezes the vampire mosquito.
The vampire mosquito bites you but does no damage.
Casting: Frozen Ramparts (safe; 1% risk of failure)
Confirm with . or Enter, or press ? or * to list all spells.
Aiming: Mephitic Cloud (safe; 1% risk of failure)
Press: ? - help, Shift-Dir - straight line, f - orc wizard
Aim: an orc wizard, wielding a +0 dagger and wearing a +0 robe (slow, chance to affect: 86%)
The ball explodes into a vile cloud!
The stinking cloud engulfs the two-headed ogre but does no damage.
The stinking cloud engulfs the gnoll sergeant but does no damage.
The stinking cloud engulfs the vampire mosquito but does no damage.
The vampire mosquito is severely damaged.
The stinking cloud engulfs the orc wizard but does no damage.
You hear a shout! x6; You hear an angry hiss.
The wall freezes the vampire mosquito.
The vampire mosquito closely misses you.
A gnoll comes into view. It is wielding a +0 flail.
The wall freezes the orc wizard.
The two-headed ogre is engulfed in noxious fumes.
The wall freezes the vampire mosquito!
You destroy the vampire mosquito!
Vehumet accepts your kill.
You feel your power returning.
The gnoll sergeant is engulfed in noxious fumes.
The gnoll sergeant appears confused.
The wall freezes the gnoll sergeant but does no damage.
The wall freezes the vampire mosquito.
The vampire mosquito closely misses you.
Your frozen ramparts will break if you move.
Continue?
The orc wizard is no longer moving slowly.
The wall freezes the vampire mosquito.
You destroy the vampire mosquito!
Vehumet accepts your kill.
The two-headed ogre is engulfed in noxious fumes.
The wall freezes the two-headed ogre!
The two-headed ogre hits you with a +0 giant club!! x2
You die...

.#......#.
........# .......#
......# #....#
#....####.
####.........
#†@o.÷.......
...g.g○O#....?....
.....°☼o#.o......P
.$...§..#.........
.........o........
................#.
#.................
................##
............#


You could see a two-headed ogre, a gnoll sergeant (confused, slow), 3 orc
wizards and a gnoll.

Vanquished Creatures
  A two-headed ogre (D:9)
  Pikel (D:8)
  Joseph (D:8)
  A gargoyle (D:10)
  2 rime drakes (D:9)
  Psyche (D:7)
  2 kobold demonologists (Bailey)
  2 hornets
  A troll (D:9)
  Grinder (D:4)
  Sigmund (D:5)
  2 shadows (D:10)
  7 yaks (D:9)
  A wraith (D:10)
  2 wyverns
  2 steam dragons (D:9)
  4 vampire mosquitoes
  Menkaure (D:4)
  2 acid dragons
  A water moccasin (D:7)
  8 orc warriors (Bailey)
  3 black bears
  An ogre (D:5)
  3 ice beasts
  3 wolves (D:11)
  2 centaurs
  A lemure (D:8)
  2 gnoll sergeants
  7 bullfrogs
  4 scorpions
  4 wights (D:6)
  3 necrophages
  3 water moccasin zombies (Ossuary)
  6 killer bees
  A troll zombie (D:10)
  7 electric eels
  A howler monkey (D:9)
  A quasit (D:7)
  2 jellies
  3 orc priests
  Crazy Yiuf (D:4)
  An iguana (D:5)
  6 orc wizards
  5 ogre zombies (D:10)
  2 mummies (Ossuary)
  Robin (D:4)
  6 adders
  19 gnolls
  A shadow imp (D:8)
  4 white imps
  An ufetubus (D:5)
  4 adder zombies (Ossuary)
  4 worms
  A dart slug (D:2)
  25 orcs
  5 ball pythons
  3 endoplasms
  5 giant cockroaches
  24 goblins
  17 hobgoblins
  2 jackals (D:3)
  5 quokkas
  2 bats
  2 frilled lizards
  7 gnoll zombies (Ossuary)
  A goblin skeleton (D:10)
  4 goblin zombies (D:10)
  2 hobgoblin skeletons (D:10)
  9 hobgoblin zombies
  3 kobolds (D:3)
  4 kobold zombies (Ossuary)
  2 orc skeletons (D:10)
  12 orc zombies
  9 rats
  3 rat zombies (D:6)
303 creatures vanquished.

Vanquished Creatures (collateral kills)
  A basilisk (D:11)
  A water moccasin (D:11)
  A wolf (D:11)
  A hound (D:6)
  2 gnolls (D:6)
  2 orcs (D:6)
8 creatures vanquished.

Vanquished Creatures (others)
  A rime drake (D:9)
  5 demonic plants (D:7)
  A fungus (D:11)
  17 plants
24 creatures vanquished.

Grand Total: 335 creatures vanquished

Notes
Turn   | Place    | Note
-------+----------+-------------------------------------------
     0 | D:1      | Ijustatesigmund the Deep Elf Conjurer began the quest for
                  | the Orb.
     0 | D:1      | Reached XP level 1. HP: 10/10 MP: 6/6
   258 | D:1      | Found a faded altar of an unknown god.
   322 | D:1      | Reached XP level 2. HP: 15/15 MP: 5/8
   325 | D:1      | Learned a level 2 spell: Searing Ray
   710 | D:1      | Found Fire's Assorted Antiques.
   721 | D:1      | Bought a scroll labelled XARIUL VIRAC for 19 gold pieces
   721 | D:1      | Bought a puce potion for 17 gold pieces
  1158 | D:2      | Reached skill level 4 in Spellcasting
  1394 | D:2      | Reached skill level 5 in Conjurations
  1394 | D:2      | Reached XP level 3. HP: 18/19 MP: 6/10
  1447 | D:2      | You fall into a shaft and drop 1 floor!
  1448 | D:3      | Noticed a black bear
  1451 | D:3      | Killed a black bear
  1452 | D:3      | Reached skill level 5 in Spellcasting
  1452 | D:3      | Reached XP level 4. HP: 24/24 MP: 7/13
  1497 | D:3      | Found a glowing golden altar of the Shining One.
  1717 | D:3      | Learned a level 3 spell: Stone Arrow
  1760 | D:3      | Found a hide-covered altar of Uskayaw.
  2011 | D:3      | Reached XP level 5. HP: 28/28 MP: 11/14
  2098 | D:3      | Found a bloodstained altar of Trog.
  2135 | D:3      | Found a glowing silver altar of Zin.
  2737 | D:2      | Found a shadowy altar of Dithmenos.
  2747 | D:2      | Reached skill level 1 in Earth Magic
  3051 | D:1      | Bought a glowing robe for 70 gold pieces
  3463 | D:4      | Noticed Grinder
  3470 | D:4      | Killed Grinder
  3471 | D:4      | Reached skill level 1 in Fighting
  3471 | D:4      | Reached skill level 6 in Spellcasting
  3471 | D:4      | Reached XP level 6. HP: 35/35 MP: 9/17
  3741 | D:4      | Found a sand-covered staircase.
  3750 | Ossuary  | Entered an ossuary
  4008 | Ossuary  | Reached XP level 7. HP: 33/40 MP: 8/19
  4216 | Ossuary  | Reached skill level 7 in Spellcasting
  4559 | D:4      | Noticed Menkaure
  4565 | D:4      | Killed Menkaure
  4566 | D:4      | Reached skill level 1 in Ranged Weapons
  4597 | D:4      | Noticed Robin
  4611 | D:4      | Killed Robin
  4642 | D:4      | Learned a level 3 spell: Kindle Blastsparks
  5126 | D:4      | Found a runed translucent door.
  5127 | D:4      | Noticed Crazy Yiuf
  5139 | D:4      | Killed Crazy Yiuf
  5263 | D:5      | Entered Level 5 of the Dungeon
  5422 | D:5      | Reached skill level 1 in Fire Magic
  5460 | D:5      | Reached skill level 1 in Translocations
  5460 | D:5      | Reached skill level 1 in Air Magic
  5512 | D:5      | Found a white marble altar of Elyvilon.
  5522 | D:5      | Reached XP level 8. HP: 45/45 MP: 21/21
  5644 | D:5      | Reached skill level 8 in Spellcasting
  5675 | D:5      | Found a radiant altar of Vehumet.
  5700 | D:5      | Became a worshipper of Vehumet
  5705 | D:5      | HP: 2/45 [something (8)]
  5894 | D:5      | Noticed Sigmund
  5902 | D:5      | Killed Sigmund
  5954 | D:5      | Found Josi's Assorted Antiques.
  5966 | D:5      | Bought a scroll labelled KUSEED KAETA for 24 gold pieces
  5966 | D:5      | Bought a murky green potion for 21 gold pieces
  6959 | D:6      | Reached skill level 5 in Ranged Weapons
  6999 | D:6      | HP: 1/45 [killer bee (7)]
  7314 | D:6      | Found an ancient bone altar of Kikubaaqudgha.
  7364 | D:6      | Reached XP level 9. HP: 21/49 MP: 23/23
  7469 | D:7      | Learned a level 3 spell: Frozen Ramparts
  7475 | D:7      | Reached * piety under Vehumet
  7475 | D:7      | Offered knowledge of Shock by Vehumet.
  7561 | D:7      | Reached skill level 9 in Spellcasting
  7564 | D:7      | Reached skill level 1 in Ice Magic
  7834 | D:7      | Found a shimmering altar of Xom.
  7921 | D:7      | Identified the +2 robe of Idealism {rF+ Int+3 Dex+2 Stlth-}
  8205 | D:7      | Found a staircase to the Ecumenical Temple.
  8217 | Temple   | Entered the Ecumenical Temple
  8325 | D:7      | Found an opulent altar of Gozag.
  8841 | D:6      | Found a sparkling altar of Nemelex Xobeh.
  9031 | D:8      | Noticed Joseph
  9043 | D:8      | HP: 1/49 [Joseph/sling bullet (2)]
  9045 | D:8      | Killed Joseph
  9046 | D:8      | Reached skill level 5 in Dodging
  9046 | D:8      | Reached skill level 10 in Spellcasting
  9370 | D:8      | Noticed Pikel
  9380 | D:8      | Killed Pikel
  9381 | D:8      | Reached skill level 5 in Stealth
  9452 | D:8      | Found a stormy altar of Qazlal.
  9516 | D:8      | Reached XP level 10. HP: 47/54 MP: 26/26
  9796 | D:8      | Noticed Psyche
  9938 | D:7      | Killed Psyche
 10546 | D:9      | Found a broken altar of Ashenzari.
 10615 | D:9      | Reached ** piety under Vehumet
 10637 | D:9      | Offered knowledge of Momentum Strike by Vehumet.
 10641 | D:9      | Learned a level 2 spell: Momentum Strike
 10707 | D:9      | Reached skill level 11 in Spellcasting
 11221 | D:9      | Reached skill level 1 in Evocations
 11534 | D:9      | Noticed a two-headed ogre
 11540 | D:9      | Killed a two-headed ogre
 11541 | D:9      | Reached skill level 12 in Spellcasting
 11861 | D:9      | Reached XP level 11. HP: 46/61 MP: 16/29
 11922 | D:9      | Found the +4 skin of Zhor {*Englaciate rC+++ SInv}
 12032 | D:10     | Entered Level 10 of the Dungeon
 12265 | D:10     | Found a shadowy altar of Dithmenos.
 12297 | D:10     | Found a flagged portal.
 12326 | Bailey   | Entered a bailey
 12831 | Bailey   | Offered knowledge of Static Discharge by Vehumet.
 12965 | Bailey   | Acquired 1147 gold pieces
 13007 | Bailey   | Reached *** piety under Vehumet
 13244 | Bailey   | Found an iron altar of Okawaru.
 13391 | Bailey   | Identified the +0 ring mail of Utyplun {*Slow rN+ Will+
                  | Str+7}
 13437 | Bailey   | Identified the +4 trident "Tishuusu" {heavy, rF+++ Str-3
                  | Int+2 Stlth-}
 13516 | Bailey   | Reached skill level 13 in Spellcasting
 13598 | D:10     | Learned a level 3 spell: Mephitic Cloud
 13693 | D:10     | Reached skill level 5 in Fighting
 13793 | D:10     | Found a staircase to the Orcish Mines.
 13806 | D:10     | Offered knowledge of Ignite Poison by Vehumet.
 14471 | D:10     | Reached **** piety under Vehumet
 14512 | D:11     | Offered knowledge of Irradiate by Vehumet.
 14520 | D:11     | Learned a level 5 spell: Irradiate
 14557 | D:11     | Noticed a two-headed ogre
 14562 | D:11     | Slain by a two-headed ogre

Illustrated notes

Levels and vault maps discovered:
D:1:      dpeg_arrival_three_smaller_balls, layout_basic, serial_shops,
          nicolae_shop_hallway_plus, hellmonk_ecumenical_altar_arch_garden,
          feat_on_display
D:2:      layout_basic, basic_altar, reono_crystal_passage,
          minmay_misc_feat_more_columns, minmay_quantized
D:3:      layout_loops_ring, nicolae_uskayaw_murder_on_the_dancefloor,
          general_overflow_altar, mainiacjoe_overflow_large_starburst
D:4:      layout_layer_cave, enter_ossuary_3, minmay_misc_feat_roman,
          uniq_crazy_yiuf_cottage, uniq_robin, uniq_menkaure, uniq_grinder
D:5:      layout_loops_ring, mainiacjoe_overflow_chevrons, fiery_altar_vehumet,
          serial_shops, shop, kennysheep_minor_cross, uniq_sigmund
D:6:      layout_basic, nemelex_spade_bored_becter,
          lemuel_zombie_altar_kikubaaqudgha
D:7:      layout_basic, lemuel_crystal_altar, mainiacjoe_overflow_brackets,
          minmay_temple_entry_glassed_door, serial_demonic, serial_demonic_c,
          serial_demonic_g, serial_demonic_g, serial_demonic_e, minmay_holes
D:8:      layout_rooms, grunt_qazlal_clouds, uniq_psyche, uniq_joseph,
          uniq_pikel
D:9:      layout_gridville, evilmike_ruin_ashenzari, serial_bayou_ford_a,
          hellmonk_guarded_unrand_zhor
D:10:     layout_small_grid, pf_just_have_faith, zombieorc1_lemuel,
          enter_bailey_5
D:11:     layout_cave_pools, minmay_lair_entry_grove, kennysheep_generic_room_10
Temple:   pf_slimified_temple

Skill      XL: |  1  2  3  4  5  6  7  8  9 10 11 |
---------------+----------------------------------+-----
Spellcasting   | 4 5 6 7 8 10 12 13 | 13.5
Conjurations   | 5 7 9 |  9.2
Earth Magic    | 2 3 4 |  4.0
Fighting       | 1 2 4 5 |  5.0
Ranged Weapons | 3 5 6 |  6.4
Fire Magic     | 1 3 |  3.7
Translocations | 1 3 |  3.6
Air Magic      | 1 3 |  3.3
Dodging        | 5 6 |  6.0
Ice Magic      | 4 |  4.8
Stealth        | 5 6 |  6.0
Evocations     | 2 |  2.8
Transmutations | |  0.7

Action                     |  1- 3 |  4- 6 |  7- 9 | 10-12 || total
---------------------------+-------+-------+-------+-------++-------
  Melee: Dagger            |     1 |       |       |       ||     1
         Short sword       |       |     4 |    15 |       ||    19
   Fire: Longbow           |       |       |   137 |       ||   137
         Sling             |       |       |    31 |    52 ||    83
         Shortbow          |       |       |       |   108 ||   108
   Cast: Magic Dart        |    41 |    86 |    24 |     6 ||   157
         Searing Ray       |     4 |    10 |    23 |    19 ||    56
         Stone Arrow       |       |       |    44 |    58 ||   102
         Kindle Blastspark |       |       |     3 |     1 ||     4
         Frozen Ramparts   |       |       |     3 |    18 ||    21
         Momentum Strike   |       |       |       |     1 ||     1
         Mephitic Cloud    |       |       |       |     3 ||     3
  Evoke: Wand              |       |       |     5 |     4 ||     9
    Use: Scroll            |     4 |     8 |    10 |     3 ||    25
         Potion            |       |       |     8 |     1 ||     9
   Stab: Sleeping          |     1 |     1 |       |       ||     2
 Armour: Robe              |       |     5 |    40 |    16 ||    61
         Troll leather arm |       |       |       |     2 ||     2
         Animal skin       |       |       |       |    50 ||    50
  Dodge: Dodged            |     1 |    14 |    75 |   143 ||   233

Table legend: (Time is in decaauts)
 A = Elapsed time spent in this place.
 B = Non-inter-level travel time spent in this place.
 C = Inter-level travel time spent in this place.
 D = Time resting spent in this place.
 E = Time spent auto-exploring this place.
 F = Levels seen in this place.
 G = Mean time per level.
                   A        B        C        D        E       F      G
               +--------+--------+--------+--------+--------+-----+--------+
         Total |  14759 |  14024 |    735 |   4711 |   7048 |  14 | 1054.2 |
       Dungeon |  12583 |  11868 |    715 |   3393 |   6621 |  11 | 1143.9 |
        Temple |    103 |     84 |     19 |      0 |     78 |   1 |  103.0 |
       Ossuary |    753 |    753 |      0 |    592 |     64 |   1 |  753.0 |
        Bailey |   1318 |   1318 |      0 |    725 |    285 |   1 | 1318.0 |
               +--------+--------+--------+--------+--------+-----+--------+

Top non-repeatable levels by time:
     D:5: 1681 daAuts
     D:9: 1574 daAuts
     D:7: 1563 daAuts
  Bailey: 1318 daAuts
    D:10: 1234 daAuts
     D:1: 1201 daAuts
     D:4: 1165 daAuts
     D:3: 1083 daAuts
     D:2: 1064 daAuts
     D:8: 1037 daAuts
     D:6: 891 daAuts
 Ossuary: 753 daAuts
  Temple: 103 daAuts
    D:11: 87 daAuts
